Map: Acid Plant LE

Players

LiquidTLO (TLO) - Winner!

  • Race: Zerg Zerg
  • League: Grandmaster
  • Spawn Location: 11:00

Namshar

  • Race: Zerg Zerg
  • League: Grandmaster
  • Spawn Location: 5:00

Event: HomeStory Cup XVII

VOD

Have the link to the VOD?

Description

Time

  • Played on: June 28, 2018, 3:53 p.m.
  • Length: 12:07

All games in this series

Show
View Real Time Build Order
Export as new Build Order

LiquidTLO Zerg - Winner!

Build Orders: 3 Hatch before Pool, Muta Ling Bane 

Get SALT Encoding   

  12  0:00  Drone  
  13  0:07  Drone  
  14  0:16  Overlord  
  14  0:35  Drone x2  
  16  0:48  Hatchery  
  15  0:51  Drone  
  15  0:56  Drone  
  17  0:59  Drone  
  18  1:20  Hatchery  
  18  1:23  Drone  
  18  1:25  Drone  
  18  1:28  Extractor  
  18  1:40  Spawning Pool  
  18  1:43  Drone  
  18  1:47  Drone  
  18  1:50  Drone  
  21  2:01  Drone x2  
  22  2:11  Drone  
  22  2:12  Drone  
  24  2:22  Drone x2  
  26  2:27  Queen  
  26  2:28  Metabolic Boost  
  28  2:33  Queen  
  30  2:37  Drone  
  30  2:40  Drone  
  30  2:43  Overlord  
  32  2:47  Zergling x2  
  33  2:52  Baneling Nest  
  33  2:54  Drone  
  33  2:56  Zergling x2  
  34  3:03  Drone x2  
  36  3:08  Drone  
  36  3:09  Drone  
  36  3:11  Zergling x4  
  40  3:16  Evolution Chamber  
  40  3:17  Drone  
  40  3:19  Drone  
  41  3:20  Zergling x2  
  41  3:25  Overlord  
  42  3:28  Overlord  
  42  3:38  Baneling x2  
  42  3:42  Overlord  
  42  3:43  Zerg Melee Weapons Level 1  
  42  3:44  Zergling x6  
  42  3:45  Drone x2  
  47  3:52  Queen  
  49  4:00  Drone  
  49  4:01  Drone  
  49  4:02  Drone  
  52  4:06  Drone  
  52  4:10  Drone x2  
  52  4:11  Drone x2  
  52  4:12  Drone  
  52  4:16  Zergling x4  
  57  4:17  Zergling x4  
  57  4:18  Extractor  
  57  4:19  Zergling x2  
  57  4:20  Overlord, Drone  
  58  4:25  Drone  
  58  4:29  Zergling x2  
  58  4:30  Drone  
  58  4:31  Overlord  
  59  4:35  Baneling x2  
  59  4:36  Baneling  
  59  4:37  Baneling  
  59  4:39  Queen  
  59  4:42  Zergling x2  
  59  4:43  Zergling x4  
  59  4:45  Roach Warren  
  62  4:46  Zergling x4  
  62  4:49  Zergling x2  
  62  4:50  Drone  
  62  4:52  Extractor  
  65  4:53  Drone x2  
  65  4:56  Lair  
  65  4:58  Drone  
  68  5:00  Zergling x4  
  68  5:03  Drone  
  68  5:06  Drone  
  71  5:11  Drone  
  71  5:13  Drone  
  71  5:14  Drone  
  71  5:15  Drone  
  71  5:16  Baneling x2  
  71  5:19  Extractor  
  71  5:20  Drone, Extractor  
  71  5:21  Drone, Extractor  
  73  5:22  Drone x2, Extractor  
  73  5:23  Drone  
  73  5:25  Drone x2  
  73  5:27  Drone x2  
  73  5:28  Drone  
  77  5:31  Drone  
  77  5:35  Drone  
  78  5:39  Drone  
  78  5:40  Drone  
  77  5:44  Zergling x2  
  77  5:46  Zergling x2  
  77  5:48  Drone  
  79  5:50  Drone  
  79  5:51  Zergling x2  
  81  5:59  Spire  
  81  6:00  Overlord x3  
  81  6:01  Zergling x2  
  81  6:04  Zerg Melee Weapons Level 2  
  81  6:11  Overlord  
  81  6:13  Hatchery  
  81  6:14  Overlord  
  81  6:17  Drone  
  81  6:19  Zergling x2  
  81  6:23  Zergling x2  
  82  6:27  Zergling x2  
  82  6:30  Drone x2  
  82  6:32  Zergling x20  
  94  6:33  Baneling x5  
  94  6:34  Baneling  
  94  6:38  Zergling x4  
  96  6:41  Zergling x2  
  96  6:47  Zergling x2  
  96  6:49  Zergling x2  
  91  7:13  Zerg Flyer Weapons Level 1, Mutalisk x9  
  107  7:18  Glial Reconstitution  
  107  7:21  Mutalisk  
  107  7:22  Evolution Chamber  
  107  7:28  Mutalisk  
  107  7:29  Zergling x4  
  106  7:31  Roach x2  
  106  7:33  Roach  
  106  7:34  Roach  
  107  7:37  Queen  
  107  7:38  Roach x2, Zergling x2  
  107  7:39  Zergling x12  
  120  7:49  Centrifical Hooks  
  120  7:51  Overlord  
  118  8:09  Overlord x2, Mutalisk x2  
  118  8:10  Drone, Mutalisk x2  
  118  8:12  Hatchery  
  126  8:18  Mutalisk  
  126  8:19  Overlord  
  121  8:20  Overlord x2  
  121  8:23  Extractor  
  120  8:30  Overlord  
  120  8:31  Zergling x12  
  120  8:32  Zergling x14  
  133  8:34  Spore Crawler, Zergling x2  
  133  8:35  Spore Crawler  
  133  8:38  Zerg Ground Armor Level 1  
  133  8:40  Zergling x2  
  133  8:42  Mutalisk  
  135  8:48  Mutalisk x2  
  135  8:49  Mutalisk  
  135  8:53  Drone  
  135  8:54  Drone  
  135  8:55  Drone x2  
  138  8:56  Drone  
  138  8:57  Drone  
  138  8:58  Drone  
  138  8:59  Drone  
  138  9:01  Drone  
  139  9:03  Drone  
  139  9:05  Drone x2  
  139  9:09  Drone x2  
  144  9:10  Zergling x4  
  144  9:12  Baneling  
  144  9:13  Baneling x6  
  144  9:14  Baneling  
  144  9:16  Baneling x3  
  146  9:20  Zerg Missile Weapons Level 1  
  146  9:25  Hydralisk Den  
  146  9:27  Zergling x6  
  146  9:28  Zergling x2  
  147  9:36  Mutalisk x2  
  147  9:37  Mutalisk  
  146  9:44  Zergling x24  
  145  9:50  Mutalisk x2  
  141  9:57  Zergling x12  
  141  9:59  Mutalisk  
  149  10:01  Mutalisk  
  149  10:05  Zergling x2  
  149  10:06  Zergling x2  
  148  10:09  Zergling x2  
  148  10:12  Zergling x4  
  148  10:13  Zergling x2  
  152  10:14  Baneling x8  
  152  10:15  Zergling x2  
  152  10:16  Zergling x2  
  152  10:20  Zergling x6  
  155  10:21  Baneling x3  
  155  10:22  Zergling x2  
  155  10:23  Baneling  
  155  10:24  Zergling x4  
  155  10:25  Zergling x2  
  156  10:29  Baneling x4  
  156  10:39  Overlord  
  156  10:40  Overlord x2  
  145  10:44  Overlord x3, Zergling x2  
  145  10:48  Overlord x3  
  140  10:50  Infestation Pit  
  139  10:58  Overlord x2  
  139  10:59  Lurker Den  
  139  11:00  Zergling x10  
  143  11:07  Zergling x6  
  143  11:09  Mutalisk x2  
  143  11:11  Mutalisk  
  134  11:19  Mutalisk  
  134  11:26  Mutalisk  
  134  11:28  Zergling x28  
  134  11:29  Overseer  
  134  11:31  Drone  
  149  11:32  Extractor  
  149  11:34  Overseer  
  149  11:35  Zergling x2  
  149  11:40  Zergling x2  
  149  11:41  Zergling x4  
  149  11:45  Zergling x2  
  149  11:46  Zergling x4  
  155  11:47  Zergling x2  
  155  11:48  Zergling x2  
Show
View Real Time Build Order
Export as new Build Order

Namshar Zerg 

Build Orders: Hatch First, Roach Hydra 

Get SALT Encoding   

  12  0:00  Drone  
  13  0:12  Overlord  
  13  0:16  Drone  
  14  0:30  Drone x2  
  14  0:33  Drone  
  17  0:50  Hatchery  
  17  0:53  Drone  
  17  0:57  Drone  
  18  1:07  Extractor  
  17  1:12  Spawning Pool  
  17  1:15  Drone  
  17  1:18  Drone  
  18  1:27  Drone  
  19  1:38  Drone  
  20  1:48  Overlord  
  20  1:58  Queen  
  22  2:02  Queen  
  22  2:03  Zergling x2, Drone  
  22  2:06  Metabolic Boost  
  26  2:10  Drone  
  26  2:14  Drone  
  28  2:21  Drone  
  29  2:24  Drone  
  30  2:33  Hatchery  
  30  2:35  Drone  
  30  2:37  Drone  
  30  2:42  Baneling Nest  
  30  2:47  Overlord  
  30  2:50  Drone  
  31  2:53  Drone  
  32  3:06  Drone x3  
  35  3:13  Drone x2  
  35  3:14  Zergling x4, Drone  
  35  3:18  Drone x2  
  42  3:22  Evolution Chamber  
  42  3:24  Zergling x2  
  42  3:28  Overlord  
  42  3:31  Queen  
  44  3:35  Baneling x2  
  44  3:42  Overlord  
  44  3:46  Drone x2  
  44  3:48  Drone x2  
  48  3:49  Zergling x6  
  48  3:50  Baneling x2  
  48  3:54  Zergling x2  
  48  3:55  Zergling x2  
  51  4:12  Zergling x4  
  53  4:21  Drone x3  
  55  4:24  Overlord x2  
  55  4:25  Zerg Missile Weapons Level 1  
  55  4:27  Extractor  
  55  4:28  Drone x4, Extractor  
  56  4:35  Drone x2  
  56  4:38  Roach Warren  
  57  4:43  Drone x3  
  60  4:48  Drone  
  60  4:50  Drone x7  
  68  4:53  Drone  
  68  5:04  Drone x3  
  68  5:18  Drone x4, Evolution Chamber  
  68  5:19  Overlord, Lair  
  71  5:23  Zergling x6  
  71  5:28  Baneling  
  72  5:36  Drone x3  
  72  5:38  Zergling x2  
  72  5:39  Queen, Zergling x4  
  75  5:45  Drone x3  
  75  5:47  Baneling  
  77  5:50  Baneling x2  
  77  5:54  Extractor  
  77  5:56  Baneling  
  76  5:59  Extractor  
  76  6:00  Drone x2, Extractor  
  76  6:03  Zerg Ground Armor Level 1  
  76  6:07  Drone  
  76  6:08  Drone  
  76  6:09  Drone x2  
  76  6:10  Hatchery, Drone  
  80  6:11  Drone  
  81  6:25  Pneumatized Carapace  
  79  6:26  Glial Reconstitution  
  79  6:28  Hydralisk Den  
  79  6:29  Overlord  
  79  6:30  Roach x4  
  86  6:33  Queen  
  86  6:36  Overlord x3  
  88  6:40  Overlord x2  
  88  6:47  Roach x2, Overseer  
  91  6:50  Zerg Missile Weapons Level 2  
  91  6:58  Roach x7  
  102  7:08  Roach x4  
  108  7:09  Roach  
  108  7:14  Grooved Spines  
  104  7:16  Drone  
  104  7:17  Roach x3  
  104  7:21  Queen x2  
  111  7:25  Queen  
  111  7:27  Hydralisk x3  
  111  7:28  Hydralisk  
  119  7:33  Spore Crawler  
  119  7:34  Spore Crawler  
  119  7:35  Spore Crawler  
  116  7:39  Hydralisk  
  118  7:48  Hydralisk x4  
  126  7:51  Drone  
  126  7:52  Overlord x2  
  126  7:56  Queen  
  125  8:00  Hydralisk x3  
  131  8:09  Queen  
  131  8:10  Hydralisk x3  
  135  8:24  Hydralisk x3  
  135  8:25  Roach x3  
  147  8:29  Overlord x3  
  147  8:33  Muscular Augments  
  147  8:37  Drone  
  148  8:44  Spore Crawler x2  
  148  8:49  Spore Crawler  
  148  8:54  Lurker Den  
  140  8:58  Infestation Pit  
  140  9:01  Roach x4  
  133  9:02  Hatchery  
  131  9:12  Drone  
  131  9:13  Roach x8  
  131  9:14  Roach x2  
  150  9:22  Roach  
  150  9:23  Roach x3  
  148  9:38  Lurker Den  
  144  9:49  Overlord x3  
  144  9:50  Overlord x2  
  144  10:05  Overlord x2  
  144  10:12  Hydralisk Den  
  141  10:20  Overlord  
  141  10:21  Overlord  
  141  10:27  Roach x12  
  153  10:47  Infestor x2  
  135  10:50  Infestor  
  135  10:53  Spore Crawler  
  135  10:55  Drone x3  
  135  10:56  Spore Crawler, Drone x3  
  132  11:19  Overlord  
  132  11:25  Overlord x2  
  132  11:27  Hatchery  
  132  11:48  Hatchery  
Tags
 
Add a new tag
Caveats
  • Supply blocks, unpowered buildings, or Contaminate may cause inaccurate times.
  • Supply counts are checked every 10 seconds.